 Dungeon Crawl Stone Soup version 0.24.0-123-gd5b16e6ec5 (webtiles) character file.

Game seed: 16608700014463223309, levelgen mode: deterministic

37 FishyPogo the Skirmisher (level 3, -2/29 HPs)
             Began as a Demonspawn Chaos Knight on Feb 4, 2020.
             Was a Plaything of Xom.
             Slain by a worker ant (7 damage)
             ... on level 1 of the Dungeon.
             The game lasted 00:01:16 (744 turns).

FishyPogo the Skirmisher (Demonspawn Chaos Knight)   Turns: 744, Time: 00:01:17

Health: -2/29      AC:  5    Str: 13    XL:     3   Next: 21%
Magic:  3/3        EV: 12    Int: 18    God:    Xom [..*...]
Gold:   67         SH:  0    Dex: 12    Spells: 2/2 levels left

rFire    . . .     SeeInvis .   a - +0 short sword (chaos)
rCold    . . .     Gourm    .   (no shield)
rNeg     . . .     Faith    .   b - +2 leather armour
rPois    .         Spirit   .   (no helmet)
rElec    .         Reflect  .   (no cloak)
rCorr    .         Harm     .   (no gloves)
MR       .....                  (no boots)
Stlth    +.........             (no amulet)
HPRegen  0.09/turn              j - +1 ring of evasion
MPRegen  0.08/turn              (no ring)

@: brilliant
A: talons 1, powered by death 1
a: Renounce Religion


You were on level 1 of the Dungeon.
You worshipped Xom.
You were a toy of Xom.
You were not hungry.

You visited 1 branch of the dungeon, and saw 2 of its levels.

You collected 67 gold pieces.

Inventory:

Hand Weapons
 a - a +0 short sword of chaos (weapon)
Missiles
 e - 2 stones (quivered)
Armour
 b - a +2 leather armour (worn)
Jewellery
 j - a +1 ring of evasion (left hand)
Scrolls
 d - a scroll of enchant armour {unknown}
 i - a scroll of magic mapping {unknown}
Potions
 g - a potion of curing
Comestibles
 c - 2 rations
 f - 3 chunks of flesh


   Skills:
 + Level 3.3 Fighting
 + Level 3.0 Short Blades
 * Level 2.6 Armour
 - Level 1.0 Dodging


You had 2 spell levels left.
You didn't know any spells.
Your spell library was empty.

Dungeon Overview and Level Annotations

Branches:
Dungeon (2/15)

Altars:


Innate Abilities, Weirdness & Mutations

You have sharp toenails.
You regenerate a little health from kills.


Message History

You feel stronger.
Your demonic ancestry asserts itself...
A wave of death washes over you. The worker ant closely misses you.
You barely miss the worker ant.
You claw the worker ant, but do no damage.
The worker ant is moderately wounded.
The worker ant misses you.
You hit the worker ant.
The worker ant seems to slow down.
The worker ant is heavily wounded.
The worker ant bites you.
* * * LOW HITPOINT WARNING * * *
You hit the worker ant but do no damage.
Your kick misses the worker ant.
The worker ant is heavily wounded.
The worker ant closely misses you.
You barely miss the worker ant.
The worker ant is heavily wounded.
The worker ant is no longer moving slowly.
The worker ant bites you!
You die...

..##.# ..##.######
..........#
...##.....#
+#........########
..........'.....>#
..........#####.†#
..#####..### #.a#
#.####.....# #>@#
#........#.# #..#
###.##.#.#.####..#
###.##.#......#..#
..∩###.#......#..#
..####.#......'..#
...##.........#..#
...♣#####..####.##
......♣.##.......#


You could see a worker ant.

Vanquished Creatures
  A worker ant (D:1)
  A dart slug (D:1)
  3 giant cockroaches (D:1)
  A goblin (D:1)
  A hobgoblin (D:1)
  A kobold (D:1)
  2 bats
  2 rats (D:1)
12 creatures vanquished.

Notes
Turn   | Place    | Note
-------+----------+-------------------------------------------
     0 | D:1      | FishyPogo the Demonspawn Chaos Knight began the quest for
                  | the Orb.
     0 | D:1      | Reached XP level 1. HP: 18/18 MP: 1/1
   252 | D:1      | Reached skill level 1 in Dodging
   318 | D:1      | Gained mutation: You have sharp toenails. [demonic
                  | ancestry]
   318 | D:1      | Reached XP level 2. HP: 24/24 MP: 2/2
   739 | D:1      | Gained mutation: You regenerate a little health from kills.
                  | [demonic ancestry]
   739 | D:1      | Reached XP level 3. HP: 6/29 MP: 3/3
   744 | D:1      | Slain by a worker ant

Levels and vault maps discovered:
D:1:      nzn_arrival_settlement, layout_basic
D:2:      layout_loops_corners, chequers_ecumenical_altar_grove,
          grunt_ministairs_1, kennysheep_generic_room_11

Skill      XL: |  1  2 |
---------------+-------+-----
Dodging        | 1 |  1.0
Armour         | 2 |  2.6
Short Blades   | 3 |  3.0
Fighting       | |  3.3

Action                   || total
-------------------------++-------
Melee: Short sword       ||    45
       Kick              ||     3
  Use: Potion            ||     2
 Stab: Paralysed         ||     1
Armor: Leather armour    ||    14
Dodge: Dodged            ||    28
